 Dungeon Crawl Stone Soup version 0.31-a0-986-g5e6e4ef867 (webtiles) character file.

Game seed: 3368564627239146928

73 Persephone the Changeling (level 4, 0/28 HPs)
             Began as an Octopode Shapeshifter on Nov 7, 2023.
             Killed from afar by an orc wizard (10 damage)
             ... with a magic dart
             ... on level 3 of the Dungeon.
             The game lasted 00:02:29 (1420 turns).

Persephone the Changeling (Octopode Shapeshifter)   Turns: 1420, Time: 00:02:30

Health: 0/28       AC:  1    Str: 14 (15) XL:     4   Next: 27%
Magic:  0/4        EV: 13    Int: 11 (12) God:
Gold:   79         SH:  0    Dex:  9 (11) Spells: 3/3 levels left

rFire   . .          .
                       - Unarmed
rCold   . . .        (no shield)
rNeg    . . .        (helmet currently unavailable)
rPois   .            p - amulet of guardian spirit
rElec   .            (no ring)
rCorr   .            (no ring)
SInv    .            (no ring)
Will    .....        (no ring)
Stlth   +++          (no ring)
HPRegen 0.24/turn    (no ring)
MPRegen 0.09/turn    (no ring)
                     (no ring)

%: guardian spirit
@: beast-form
A: beast (slay +2), almost no armour, amphibious, 8 rings, camouflage 1,
gelatinous body 1, (nimble swimmer 1), tentacles
a: Begin Untransformation


You were on level 3 of the Dungeon.
You were a hulking beast.
You visited 1 branch of the dungeon, and saw 3 of its levels.

You collected 79 gold pieces.

Inventory:

Jewellery
 p - an amulet of guardian spirit (around mantle)
Talismans
 b - a beast talisman (active)
 c - a flux talisman
 m - a storm talisman
Scrolls
 f - a scroll of teleportation {unknown}
 h - 2 scrolls of summoning {unknown}
 l - a scroll of torment {unknown}
 n - a scroll of immolation {unknown}
 o - a scroll of vulnerability {unknown}
 q - a scroll of fog {unknown}
 r - a scroll of amnesia {unknown}
Potions
 a - a potion of lignification
 e - a potion of degeneration
 g - a potion of ambrosia {unknown}
 i - a potion of attraction {unknown}
 j - a potion of berserk rage {unknown}
 k - a potion of haste {unknown}


   Skills:
 - Level 1.0 Fighting
 - Level 2.0 Dodging
 + Level 1.8 Stealth
 - Level 3.0 Unarmed Combat
 * Level 4.5 Shapeshifting


You had 3 spell levels left.
You didn't know any spells.
Your spell library contained the following spells:

 Spells                   Type           Power      Damage    Failure   Level
 Summon Guardian Golem    Hex/Summ       0%         N/A       71%         3
 Orb of Destruction       Conj           0%         9d5       100%        7
 Spellforged Servitor     Conj/Summ      0%         N/A       100%        7


Dungeon Overview and Level Annotations

Branches:
Dungeon (3/15)

Altars:
Yredelemnul

Shops:
D:1 [


Innate Abilities, Weirdness & Mutations

You are a hulking beast.
Your limbs bulge with bestial killing power. (Slay +2)
You cannot wear most types of armour.
You are amphibious.
You can wear up to eight rings at the same time.
Your skin changes colour to match your surroundings (Stealth+).
Your rubbery body absorbs attacks. (AC +1, EV +1)
((You are camouflaged when in or above water. (Stealth+)))
You have tentacles for arms and can constrict up to eight enemies at once.


Message History

Monster found x2; Killing and exploring; Evalutating dangerous sitituation Auto kill stopped - Too dangerous: Extremely Dangerous (0) Dangerous (1) Easy (1) Harmless (0)
A goblin and 2 orc wizards come into view.
The goblin shouts!
You hear a shout!
The orc priest shouts!
You hear a shout!
The orc wizard shouts!
You tentacle-slap the orc but do no damage.
You grab the orc. You squeeze the orc.
The orc is lightly wounded.
You constrict the orc. The orc hits you with a +0 mace!
The orc wizard gestures wildly while chanting.
The orc wizard flickers and vanishes!
Deactivating autopickup; reactivate with Ctrl-A.
You tentacle-slap the orc. You squeeze the orc.
You kill the orc!
Okay, then.
The orc priest mumbles some strange prayers to Beogh against you.
Beogh smites you!
You hear a shout!
The orc priest calls down the wrath of Beogh upon you.
Beogh smites you!
* * * LOW HITPOINT WARNING * * *
It was a potion of curing.
You feel better.
The orc priest casts a cantrip, but nothing happens.
You hear some strange, mumbled words.
A puff of flame appears from out of thin air!
The puff of flame hits you!
* * * LOW HITPOINT WARNING * * *
An orc comes into view. It is wielding a +0 hand axe.
You feel better. Something hits you.
You barely miss something.
The orc shouts!
Something hits you.
Okay, then.
It was a potion of degeneration.
There was something very wrong with that liquid.
You feel weakened.
You feel dopey.
You feel clumsy.
You hear some strange, mumbled words.
A magic dart appears from out of thin air!
The magic dart hits you!
You die...

#### #... #... ####... #.##
.....o. #.# .$..... #.#
....... #.# ....... #.#
.......##################.#
.[....ooog{h..............#
.......####################
....... ....... .......
....... # ## ######. #.#.
+. #.#. #...


You could see an orc priest, an orc wizard, an orc and a goblin.

Vanquished Creatures
  Jessica (D:2)
  A dart slug (D:1)
  An orc (D:3)
  4 bats
  2 endoplasms (D:1)
  2 giant cockroaches (D:1)
  6 goblins
  3 hobgoblins
  4 jackals
  5 kobolds
  5 ball pythons
  5 frilled lizards
  2 rats
41 creatures vanquished.

Notes
Turn   | Place    | Note
-------+----------+-------------------------------------------
     0 | D:1      | Persephone the Octopode Shapeshifter began the quest for
                  | the Orb.
     0 | D:1      | Reached XP level 1. HP: 13/13 MP: 1/1
    39 | D:1      | Reached XP level 2. HP: 15/18 MP: 2/2
   220 | D:1      | Found Zeipsisa's Antique Armour Boutique.
   416 | D:1      | Reached XP level 3. HP: 18/23 MP: 3/3
   481 | D:1      | Reached skill level 4 in Shapeshifting
  1038 | D:2      | Noticed Jessica
  1041 | D:2      | Killed Jessica
  1042 | D:2      | Reached skill level 1 in Stealth
  1042 | D:2      | Reached XP level 4. HP: 12/28 MP: 4/4
  1136 | D:2      | Found a basalt altar of Yredelemnul.
  1420 | D:3      | Killed from afar by an orc wizard

Illustrated notes

Levels and vault maps discovered:
D:1:      psy_arrival_fountain, layout_loops_cross, serial_shops, shop,
          chequers_hall_statues_corner_a, minmay_tetromino_l2
D:2:      layout_rooms, basic_altar, uniq_jessica
D:3:      layout_basic, nemelex_altar_shiori, gammafunk_ghost_grave,
          cheibrodos_gnoll_hut

Skill      XL: |  1  2  3 |
---------------+----------+-----
Shapeshifting  | 4 |  4.5
Stealth        | 1 |  1.8
Fighting       | |  1.0
Dodging        | |  2.0
Unarmed Combat | |  3.0

Action                     |  1- 3 |  4- 6 || total
---------------------------+-------+-------++-------
  Melee: Unarmed           |    67 |    10 ||    77
         Constrict         |    17 |     3 ||    20
         Tentacles         |    12 |     6 ||    18
         Punch             |     2 |       ||     2
    Use: Potion            |       |     3 ||     3
   Stab: Sleeping          |     3 |     1 ||     4
 Armour: Skin              |    21 |     9 ||    30
  Dodge: Dodged            |    44 |     4 ||    48
   Form: Storm             |     1 |       ||     1
         Beast             |     1 |       ||     1

Table legend: (Time is in decaauts)
 A = Elapsed time spent in this place.
 B = Non-inter-level travel time spent in this place.
 C = Inter-level travel time spent in this place.
 D = Time resting spent in this place.
 E = Time spent auto-exploring this place.
 F = Levels seen in this place.
 G = Mean time per level.
                   A        B        C        D        E       F      G
               +--------+--------+--------+--------+--------+-----+--------+
         Total |   1416 |   1347 |     69 |      0 |   1072 |   3 |  472.0 |
       Dungeon |   1416 |   1347 |     69 |      0 |   1072 |   3 |  472.0 |
               +--------+--------+--------+--------+--------+-----+--------+

Top non-repeatable levels by time:
     D:1: 771 daAuts
     D:2: 546 daAuts
     D:3: 98 daAuts
